 Dungeon Crawl Stone Soup version 0.30-a0-711-gf4ac18a38d (webtiles) character file.

Game seed: 7447329798674258531

10061 tkbsonic5 the Fighter (level 11, -7/145 HPs)
             Began as a Hill Orc Warper on Jan 22, 2023.
             Was a Priest of Fedhas.
             Mangled by an orc knight
             ... wielding a +2 war axe
              (19 damage)
             ... on level 11 of the Dungeon.
             The game lasted 00:55:04 (11504 turns).

tkbsonic5 the Fighter (Hill Orc Warper)            Turns: 11504, Time: 00:55:05

Health: -7/145     AC: 29    Str: 19    XL:     11   Next: 56%
Magic:  17/17      EV:  2    Int: 13    God:    Fedhas [***...]
Gold:   653        SH:  0    Dex: 10    Spells: 11/15 levels left

rFire   . . .      SeeInvis .    g - +4 scimitar (freeze)
rCold   . . .      Faith    .    (no shield)
rNeg    . . .      Spirit   .    (body armour currently unavailable)
rPois   +          Reflect  +    (helmet currently unavailable)
rElec   .          Harm     .    (cloak currently unavailable)
rCorr   .          Rampage  .    (gloves currently unavailable)
Will    .....      NoTele   +    (boots currently unavailable)
Stlth   +                        e - amulet of reflection
HPRegen 0.44/turn                G - ring of poison resistance
MPRegen 0.15/turn                t - +4 ring of protection

@: confused, tree-form, ambrosia-drunk
A: stationary, stasis, torment immunity, boosted hp
a: Renounce Religion, Wall of Briars, Grow Ballistomycete


You were on level 11 of the Dungeon.
You worshipped Fedhas.
Fedhas was most pleased with you.
You were a tree.
You visited 2 branches of the dungeon, and saw 12 of its levels.

You collected 653 gold pieces.

Inventory:

Hand Weapons
 g - a +4 scimitar of freezing (weapon)
 E - a +0 war axe of electrocution
 H - a +0 long sword of holy wrath
Armour
 f - a +1 plate armour (melded)
 h - a +0 pair of boots (melded)
 i - a +2 chain mail of cold resistance
 u - a +0 pair of gloves (melded)
 y - a +0 helmet (melded)
 z - a +3 leather armour of poison resistance
 F - a +0 cloak (melded)
Magical Staves
 r - a staff of poison
 A - a staff of earth
Jewellery
 b - a ring of resist corrosion
 e - an amulet of reflection (around neck)
 m - a ring of resist corrosion
 o - a ring of ice
 q - a +6 ring of intelligence
 t - a +4 ring of protection (right branch)
 G - a ring of poison resistance (left branch)
Scrolls
 k - 2 scrolls of identify
 B - 2 scrolls of magic mapping
Potions
 c - 2 potions of flight
 w - a potion of brilliance
 J - a potion of cancellation


   Skills:
 * Level 9.4 Fighting
 * Level 7.5 Long Blades
 - Level 3.6 Axes
 - Level 2.1 Staves
 - Level 0.9 Ranged Weapons
 + Level 5.8 Throwing
 * Level 7.9 Armour
 * Level 3.6 Dodging
 - Level 2.5 Spellcasting
 - Level 1.7 Hexes
 - Level 3.2 Translocations
 - Level 1.3 Ice Magic
 - Level 0.9 Earth Magic
 * Level 8.3 Invocations
 + Level 5.0 Evocations


You had 11 spell levels left.
You knew the following spells:

 Your Spells              Type           Power      Damage    Failure   Level
a - Blink                 Tloc           20%        N/A       10%         2
b - Lesser Beckoning      Tloc           20%        N/A       10%         2

Your spell library contained the following spells:

 Spells                   Type           Power      Damage    Failure   Level
 Slow                     Hex            24%        N/A       12%         1
 Ensorcelled Hibernation  Hex/Ice        10%        N/A       19%         2
 Teleport Other           Tloc           10%        N/A       19%         3
 Confusing Touch          Hex            6%         N/A       34%         3
 Tukima's Dance           Hex            6%         N/A       34%         3
 Vhi's Electric Charge    Tloc/Air       10%        N/A       36%         3
 Hailstorm                Conj/Ice       3%         3d3       50%         3
 Manifold Assault         Tloc           10%        N/A       54%         4
 Passage of Golubria      Tloc           10%        N/A       54%         4
 Spider Form              Tmut/Pois      1%         N/A       58%         3
 Vampiric Draining        Necr           1%         2d6       58%         3
 Anguish                  Hex/Necr       1%         N/A       86%         4
 Ice Form                 Ice/Tmut       3%         N/A       88%         4
 Yara's Violent Unravell  Hex/Tmut       1%         3d3       99%         5
 Fireball                 Conj/Fire      0%         3d3       100%        5
 Iskenderun's Battlesphe  Conj           1%         2d6       100%        5
 Conjure Ball Lightning   Conj/Air       0%         3x3d6     100%        6
 Simulacrum               Ice/Necr       1%         N/A       100%        6
 Orb of Destruction       Conj           0%         9d5       100%        7


Dungeon Overview and Level Annotations

Branches:
Dungeon (11/15)            Temple (1/1) D:4            Lair (0/5) D:9
    Orc: D:9-12

Altars:
Ashenzari
Cheibriados
Dithmenos
Elyvilon
Fedhas
Gozag
Hepliaklqana
Kikubaaqudgha
Makhleb
Nemelex Xobeh
Okawaru
Qazlal
Ru
Sif Muna
Trog
Uskayaw
Vehumet
Wu Jian
Xom
Yredelemnul
Zin
The Shining One


Message History

The orc knight hits you but does no damage.
Okay, then.
Okay, then.
It was a potion of lignification.
You turn into a tree.
Your +0 cloak melds into your body.
Your +0 helmet melds into your body.
Your +0 pair of gloves melds into your body.
Your +0 pair of boots melds into your body.
Your +1 plate armour melds into your body.
Your roots penetrate the ground.
The orc knight shouts!
You block the orc's attack.
The orc knight roars a battlecry!
The orc knight goes into a battle-frenzy!
You barely miss the orc knight.
The orc knight is severely wounded.
The orc hits you but does no damage.
The orc knight roars a battlecry!
The orc knight goes into a battle-frenzy!
The orc knight hits you but does no damage.
You slash the orc knight! You freeze the orc knight.
The orc knight is almost dead.
You block the orc's attack.
The orc knight hits you from afar with a +0 bardiche!!
The orc knight hits you with a +2 war axe.
You hit the orc knight but do no damage.
The orc knight is almost dead.
The orc hits you but does no damage. The orc knight barely misses you.
The orc knight hits you but does no damage.
You feel better. The orc hits you with a +0 hand axe!
The orc knight hits you from afar with a +0 bardiche!!
* * * LOW HITPOINT WARNING * * *
The orc knight hits you with a +2 war axe!
* * * LOW HITPOINT WARNING * * *
You are confused.
You feel invigorated. The orc hits you but does no damage.
The orc knight hits you from afar with a +0 bardiche!
* * * LOW HITPOINT WARNING * * *
The orc knight hits you with a +2 war axe!!
You die...
Fedhas appreciates your contribution to the ecosystem.

.... o.... ## '8#
#8'8##.## ...
......#.# ..#
#..#...#. #.#
#......o# #.#
#)....... #.#
#.#.....# #. #
#####.#####.##...##
#.# .
#.....oo♣o)......#
##.###
#.###.#####.###....
...## #.# #.# #.#
##.## #..## #)# #.#
#.###..o###..## #.#
#.. .......()<#..##
#.# ###
..###...#o#..## #.#
..# ##. #((..o)
##.## .# #.####)(##
#...######...
#...(...).


You could see 2 orc knights and an orc (strong).

Vanquished Creatures
  Snorg (D:11)
  A two-headed ogre (D:9)
  A cyclops (D:11)
  An ugly thing (D:11)
  Maurice (D:10)
  A gargoyle (D:11)
  A kobold demonologist (D:10)
  2 trolls
  2 wyverns (D:9)
  13 yaks
  A steam dragon (D:8)
  2 water moccasins (D:9)
  2 sky beasts (D:8)
  3 ice beasts
  6 black bears
  4 orc warriors
  2 ogres
  2 centaurs (D:8)
  A kobold brigand (D:7)
  A phantom (D:7)
  2 bullfrogs
  3 scorpions
  8 wights
  11 killer bees
  4 electric eels (D:8)
  4 howler monkeys
  4 jellies
  5 orc priests
  3 hounds
  2 iguanas
  3 orc wizards
  4 gnolls
  7 adders
  A white imp (D:7)
  2 ufetubi
  3 worms
  3 dart slugs
  24 orcs
  6 ball pythons
  4 bats
  5 endoplasms
  4 giant cockroaches
  5 goblins
  10 hobgoblins
  2 jackals (D:2)
  2 quokkas (D:1)
  3 frilled lizards
  12 kobolds
  6 rats
  A ballistomycete spore (D:11)
201 creatures vanquished.

Vanquished Creatures (collateral kills)
  A bullfrog (D:9)
  2 scorpions (D:9)
  4 ballistomycete spores (D:11)
7 creatures vanquished.

Vanquished Creatures (others)
  A ballistomycete spore (D:11)
  23 fungi (D:9)
  26 plants
50 creatures vanquished.

Grand Total: 258 creatures vanquished

Notes
Turn   | Place    | Note
-------+----------+-------------------------------------------
     0 | D:1      | tkbsonic5 the Hill Orc Warper began the quest for the Orb.
     0 | D:1      | Reached XP level 1. HP: 18/18 MP: 3/3
    99 | D:1      | Reached XP level 2. HP: 24/25 MP: 4/4
   102 | D:1      | Learned a level 2 spell: Blink
   105 | D:1      | Learned a level 2 spell: Lesser Beckoning
   446 | D:1      | Reached XP level 3. HP: 21/30 MP: 5/5
   562 | D:1      | Reached skill level 3 in Fighting
  1066 | D:2      | Reached XP level 4. HP: 38/38 MP: 7/7
  1140 | D:2      | Learned a level 2 spell: Ensorcelled Hibernation
  2652 | D:3      | Reached XP level 5. HP: 42/45 MP: 1/8
  3018 | D:3      | Reached skill level 1 in Throwing
  3018 | D:3      | Reached skill level 1 in Hexes
  3071 | D:4      | Reached skill level 1 in Staves
  3071 | D:4      | Reached skill level 1 in Ice Magic
  3214 | D:5      | Entered Level 5 of the Dungeon
  3291 | D:5      | Reached XP level 6. HP: 43/52 MP: 4/9
  3371 | D:4      | Reached skill level 4 in Fighting
  3551 | D:3      | Reached skill level 1 in Evocations
  3642 | D:4      | Reached XP level 7. HP: 53/59 MP: 10/10
  4258 | D:4      | Found a staircase to the Ecumenical Temple.
  4268 | Temple   | Entered the Ecumenical Temple
  4362 | Temple   | Became a worshipper of Fedhas Madash
  4555 | D:5      | Reached skill level 1 in Long Blades
  4721 | D:5      | Reached skill level 1 in Invocations
  4764 | D:5      | Reached skill level 5 in Fighting
  4764 | D:5      | Reached XP level 8. HP: 68/68 MP: 11/11
  5168 | D:6      | Found a white marble altar of Elyvilon.
  6304 | D:7      | Reached * piety under Fedhas
  6418 | D:7      | Reached skill level 6 in Fighting
  6698 | D:7      | Reached XP level 9. HP: 66/75 MP: 12/12
  6847 | D:8      | Found a radiant altar of Vehumet.
  7310 | D:8      | Found a shadowy altar of Dithmenos.
  7493 | D:8      | Reached skill level 5 in Armour
  8592 | D:8      | Reached skill level 7 in Fighting
  8613 | D:8      | Reached skill level 5 in Invocations
  8622 | D:8      | Reached ** piety under Fedhas
  8801 | D:8      | Found a stormy altar of Qazlal.
  8952 | D:9      | Noticed a troll
  8958 | D:8      | Killed a troll
  8959 | D:8      | Reached skill level 5 in Long Blades
  8973 | D:9      | Reached XP level 10. HP: 76/86 MP: 14/14
  9032 | D:9      | Reached skill level 5 in Throwing
  9061 | D:9      | Found a staircase to the Lair.
  9496 | D:9      | Reached skill level 8 in Fighting
  9567 | D:9      | Noticed a two-headed ogre
  9589 | D:9      | Killed a two-headed ogre
  9966 | D:9      | Found an opulent altar of Gozag.
 10015 | D:10     | Entered Level 10 of the Dungeon
 10208 | D:10     | Found a broken altar of Ashenzari.
 10229 | D:10     | Noticed a kobold demonologist
 10231 | D:10     | Noticed an orange demon
 10232 | D:10     | Noticed a sun demon
 10235 | D:10     | Killed a kobold demonologist
 10323 | D:10     | Reached XP level 11. HP: 50/95 MP: 16/16
 10595 | D:10     | Noticed Maurice
 10646 | D:10     | Killed Maurice
 10647 | D:10     | Reached skill level 9 in Fighting
 10738 | D:10     | Reached *** piety under Fedhas
 10913 | D:10     | Identified the +2 leather armour of Parlour Games {rPois
                  | Regen+}
 11221 | D:11     | Noticed a cyan ugly thing
 11223 | D:11     | Noticed Snorg
 11236 | D:11     | Killed a cyan ugly thing
 11248 | D:11     | Noticed a cyclops
 11258 | D:11     | Killed Snorg
 11266 | D:11     | Killed a cyclops
 11267 | D:11     | Reached skill level 5 in Evocations
 11311 | D:11     | Noticed an orc knight
 11468 | D:11     | Noticed an orc knight
 11498 | D:11     | Noticed an orc knight
 11504 | D:11     | Mangled by an orc knight

Illustrated notes

Levels and vault maps discovered:
D:1:      saegor_arrival_simple_b, layout_basic
D:2:      layout_basic, amcnicky_mini_rare_corridor_liquid, hex_large
D:3:      layout_basic
D:4:      layout_gridville, temple_hall
D:5:      layout_cave_pods
D:6:      layout_basic, elyvilon_altar_1
D:7:      layout_loops_ring
D:8:      statuecave_lemuel, layout_loops_ring, nicolae_overflow_hidden_temple,
          vehumet_crystals, mainiacjoe_overflow_six_doors_small,
          minmay_door_square, serial_bayou_pond_b
D:9:      layout_roguey, nicolae_gozag_cash_rules_everything_around_me,
          due_lair_maze_entry_diamond, st_stairs_11
D:10:     layout_loops_ring, nicolae_ashenzari_skybound, uniq_maurice
D:11:     layout_loops_ring, david_orc_5, serial_shops,
          nicolae_shop_competitors_out_of_business, kennysheep_generic_room_3,
          uniq_snorg
Temple:   minmay_temple_bridge_d

Skill      XL: |  1  2  3  4  5  6  7  8  9 10 11 |
---------------+----------------------------------+-----
Axes           | 3 |  3.6
Fighting       | 3 4 5 6 7 8 9 |  9.4
Spellcasting   | 2 |  2.5
Translocations | 3 |  3.2
Throwing       | 1 2 3 4 5 |  5.8
Hexes          | 1 |  1.7
Staves         | 1 2 |  2.1
Ice Magic      | 1 |  1.3
Evocations     | 1 2 3 4 5 |  5.0
Armour         | 3 4 5 7 |  7.9
Long Blades    | 1 3 5 6 7 |  7.5
Invocations    | 1 3 5 7 8 |  8.3
Dodging        | 2 3 |  3.6
Ranged Weapons | |  0.9
Earth Magic    | |  0.9

Action                     |  1- 3 |  4- 6 |  7- 9 | 10-12 || total
---------------------------+-------+-------+-------+-------++-------
  Melee: Hand axe          |   111 |       |       |       ||   111
         Short sword       |     5 |    17 |       |       ||    22
         Quarterstaff      |       |   138 |    35 |       ||   173
         Scimitar          |       |       |   198 |   257 ||   455
         Punch             |       |       |       |     4 ||     4
   Fire: Shortbow          |       |       |     5 |     2 ||     7
         Sling             |       |       |     2 |       ||     2
         Arbalest          |       |       |       |     6 ||     6
  Throw: Javelin           |       |     3 |    25 |     6 ||    34
         Boomerang         |       |     1 |    26 |       ||    27
         Dart              |       |       |    45 |    80 ||   125
   Cast: Lesser Beckoning  |     4 |       |       |       ||     4
         Blink             |     1 |     1 |       |       ||     2
         Ensorcelled Hiber |       |    33 |       |       ||    33
 Invoke: Wall of Briars    |       |       |       |     3 ||     3
         Grow Ballistomyce |       |       |       |     1 ||     1
  Evoke: Wand              |     9 |       |    14 |     6 ||    29
    Use: Scroll            |       |    10 |     6 |     5 ||    21
         Potion            |       |     8 |     8 |     7 ||    23
   Stab: Paralysed         |    15 |       |       |     6 ||    21
         Sleeping          |       |     7 |       |       ||     7
 Armour: Leather armour    |    10 |    65 |       |       ||    75
         Chain mail        |    57 |    18 |     1 |       ||    76
         Plate armour      |       |       |   194 |   156 ||   350
         Skin              |       |       |       |     5 ||     5
  Dodge: Dodged            |    60 |   111 |    69 |    63 ||   303
  Block: Other             |       |    38 |    62 |    51 ||   151
         Reflection        |       |     2 |     2 |     2 ||     6

Table legend: (Time is in decaauts)
 A = Elapsed time spent in this place.
 B = Non-inter-level travel time spent in this place.
 C = Inter-level travel time spent in this place.
 D = Time resting spent in this place.
 E = Time spent auto-exploring this place.
 F = Levels seen in this place.
 G = Mean time per level.
                   A        B        C        D        E       F      G
               +--------+--------+--------+--------+--------+-----+--------+
         Total |  11609 |  11193 |    416 |   1258 |   7260 |  12 |  967.4 |
       Dungeon |  11442 |  11125 |    317 |   1258 |   7220 |  11 | 1040.2 |
        Temple |    167 |     68 |     99 |      0 |     40 |   1 |  167.0 |
               +--------+--------+--------+--------+--------+-----+--------+

Top non-repeatable levels by time:
     D:8: 2160 daAuts
     D:3: 1518 daAuts
    D:10: 1303 daAuts
     D:2: 1067 daAuts
     D:9: 1058 daAuts
     D:1: 890 daAuts
     D:6: 851 daAuts
     D:7: 841 daAuts
     D:4: 806 daAuts
     D:5: 750 daAuts
    D:11: 193 daAuts
  Temple: 167 daAuts
